 Dungeon Crawl Stone Soup version 0.25.1-2-g60ff931df9 (webtiles) character file.

Game seed: 17618167058824826241

142 raphialitos the Shield-Bearer (level 5, 0/42 HPs)
             Began as a Formicid Fighter on Oct 9, 2020.
             Was an Initiate of Cheibriados.
             Succumbed to an adder's poison
             ... on level 3 of the Dungeon on Oct 10, 2020.
             The game lasted 00:05:37 (2176 turns).

raphialitos the Shield-Bearer (Formicid Fighter)    Turns: 2176, Time: 00:05:38

Health: 0/42       AC:  9    Str: 23    XL:     5   Next: 50%
Magic:  0/5        EV:  6    Int:  8    God:    Cheibriados [......]
Gold:   121        SH: 10    Dex: 11    Spells: 4/4 levels left

rFire    + + .     SeeInvis +   m - +1 flail (venom)
rCold    x . .     Gourm    .   c - +0 kite shield
rNeg     . . .     Faith    .   e - +0 chain mail
rPois    .         Spirit   +   (helmet unavailable)
rElec    .         Reflect  .   (no cloak)
rCorr    .         Harm     .   (no gloves)
MR       .....                  (no boots)
Stlth    ..........             p - amulet of guardian spirit
HPRegen  0.14/turn              i - ring of protection from fire
MPRegen  0.09/turn              r - ring of fire

@: lethally poisoned (0 -> -1), very slow
A: permanent stasis, dig shafts and tunnels, four strong arms, antennae 3
a: Dig, Shaft Self, Bend Time, Renounce Religion


You were on level 3 of the Dungeon.
You worshipped Cheibriados.
Cheibriados was noncommittal.
You were not hungry.

You visited 1 branch of the dungeon, and saw 3 of its levels.

You collected 121 gold pieces.

Inventory:

Hand Weapons
 a - a +0 war axe
 m - a +1 flail of venom (weapon)
Missiles
 h - 72 arrows
 l - 11 poisoned darts (quivered)
 s - 45 sling bullets
Armour
 b - a +0 scale mail
 c - a +0 kite shield (worn)
 e - a +0 chain mail (worn)
Jewellery
 i - a ring of protection from fire (left hand)
 p - an amulet of guardian spirit (around neck)
 r - a ring of fire (right hand)
Scrolls
 k - a scroll of remove curse
 t - 4 scrolls of identify
Potions
 d - 2 potions of might
 j - a potion of invisibility
 n - a potion of lignification {unknown}
 o - 3 potions of magic
 q - a potion of stabbing {unknown}
 v - a potion of flight {unknown}
 w - 2 potions of mutation
Comestibles
 f - 8 rations
 g - 3 chunks of flesh


   Skills:
 + Level 3.8 Fighting
 + Level 3.7 Axes
 + Level 0.5(2.3) Maces & Flails
 + Level 4.1 Armour
 + Level 0.2 Dodging
 + Level 0.8 Stealth
 + Level 4.2 Shields


You had 4 spell levels left.
You didn't know any spells.
Your spell library contained the following spells:

 Spells                   Type           Power        Failure   Level  Hunger
 Confusing Touch          Hex            #.......     100%        3    ####...
 Gell's Gravitas          Tloc           #.........   100%        3    ####...
 Petrify                  Tmut/Erth      #.......     100%        4    #####..
 Metabolic Englaciation   Hex/Ice        #.........   100%        5    ######.
 Yara's Violent Unravell  Hex/Tmut       #.........   100%        5    ######.


Dungeon Overview and Level Annotations

Branches:
Dungeon (3/15)

Altars:
Ashenzari
Cheibriados


Innate Abilities, Weirdness & Mutations

You cannot be hasted, slowed, berserked, paralysed or teleported.
You can dig through walls and to a lower floor.
Your four strong arms can wield two-handed weapons with a shield.
You have a pair of large antennae on your head. (SInv)


Message History

You completely miss the orc priest.
You feel sick. You block the adder's attack. You block the orc's attack.
The orc priest hits you but does no damage.
The orc hits you. The adder bites you but does no damage.
The orc priest barely misses you.
You closely miss the orc priest. You block the adder's attack.
The orc hits you but does no damage.
The orc priest mumbles some strange prayers to Beogh against you.
Beogh smites you!
* * * LOW HITPOINT WARNING * * *
You hit the orc priest but do no damage.
The orc priest is poisoned.
You block the adder's attack. The orc hits you but does no damage.
The orc priest mumbles some strange prayers to Beogh against you.
Beogh smites you!
* * * LOW HITPOINT WARNING * * *
The adder bites you but does no damage.
You hit the orc priest.
The orc priest is severely wounded.
You die...

## # .# ###########
.. #.........# .#
#.........# #.# #.
#.........# ..#....
#[........#
##o#.....
##..>.#.###
####@S..# #.....#.#
#...o#.##
......#.## ##.####
# .#....#..###..#
#.# .#[......#...##
#.. ##....#....###
.. ##..<.#.##.# #.#
## ......#.##.#
..#...
......#.##.####....


You could see an orc priest (very poisoned), an adder and an orc.

Vanquished Creatures
  An orc priest (D:3)
  A worker ant zombie (D:2)
  4 adders
  A dart slug (D:3)
  2 leopard geckos
  7 orcs (D:3)
  5 bats
  2 giant cockroaches (D:1)
  7 goblins
  11 hobgoblins
  2 quokkas
  4 kobolds
  3 rats (D:1)
50 creatures vanquished.

Notes
Turn   | Place    | Note
-------+----------+-------------------------------------------
     0 | D:1      | raphialitos the Formicid Fighter began the quest for the
                  | Orb.
     0 | D:1      | Reached XP level 1. HP: 18/18 MP: 1/1
    53 | D:1      | Reached XP level 2. HP: 19/24 MP: 2/2
   539 | D:1      | Reached XP level 3. HP: 30/30 MP: 3/3
  1216 | D:2      | Reached XP level 4. HP: 37/37 MP: 4/4
  1560 | D:3      | Found a shattered altar of Ashenzari.
  1583 | D:3      | Found a snail-covered altar of Cheibriados.
  1587 | D:3      | Became a worshipper of Cheibriados the Contemplative
  1725 | D:3      | Reached XP level 5. HP: 16/42 MP: 3/5
  2175 | D:3      | HP: 1/42 [orc priest/divine providence (8)]
  2176 | D:3      | Succumbed to an adder's poison

Illustrated notes

Levels and vault maps discovered:
D:1:      minmay_arrival_pointy, layout_basic
D:2:      layout_rooms, minmay_misc_feat_cross
D:3:      layout_rooms, lemuel_round_altar, kennysheep_slug_shrine,
          chequers_ecumenical_altar_twisty

Skill      XL: |  1  2  3  4 |
---------------+-------------+-----
Shields        | 4 |  4.2
Axes           | 3 |  3.7
Armour         | 4 |  4.1
Fighting       | |  3.8
Maces & Flails | |  0.5
Dodging        | |  0.2
Stealth        | |  0.8

Action                   |  1- 3 |  4- 6 || total
-------------------------+-------+-------++-------
Melee: War axe           |    72 |    41 ||   113
       Flail             |       |    47 ||    47
  Use: Scroll            |     5 |     3 ||     8
  Eat: Chunk             |     1 |     3 ||     4
Armor: Scale mail        |    47 |       ||    47
       Chain mail        |     3 |    63 ||    66
Dodge: Dodged            |    21 |    26 ||    47
Block: Kite shield       |    59 |    58 ||   117
